 Dungeon Crawl Stone Soup version 0.24.0-1-gfbc8707 (webtiles) character file.

Game seed: 8999883701270179270, levelgen mode: deterministic

10211 Minkie the Fighter (level 11, -11/72 HPs)
             Began as a Gargoyle Fighter on Nov 13, 2019.
             Was a Priest of the Shining One.
             Mangled by an orc warlord
             ... wielding a +0 great mace
              (13 damage)
             ... on level 1 of the Orcish Mines.
             The game lasted 00:42:31 (11119 turns).

Minkie the Fighter (Gargoyle Fighter)              Turns: 11119, Time: 00:42:31

Health: -11/72     AC: 26    Str: 21    XL:     11   Next: 58%
Magic:  13/13      EV:  6    Int: 11    God:    the Shining One [***...]
Gold:   608        SH: 12    Dex: 13    Spells: 10/10 levels left

rFire    . . .     SeeInvis .   I - +6 long sword "Jiqapt" {flame, rN+ MR+ Dex+4}
rCold    . . .     Gourm    .   c - +0 shield
rNeg     + + +     Faith    .   O - +0 plate armour
rPois    ∞         Spirit   .   A - +0 helmet
rElec    +         Reflect  .   (no cloak)
rCorr    .         Harm     .   (no gloves)
MR       +....                  h - +0 pair of boots
Stlth    ..........             (no amulet)
HPRegen  0.22/turn              M - +1 ring of protection
MPRegen  0.13/turn              (no ring)

@: about to teleport, glowing
A: negative energy resistance 1, electricity resistance, unbreathing,
petrification resistance, rot immunity, AC +8
a: Divine Shield, Renounce Religion


You were on level 1 of the Orcish Mines.
You worshipped the Shining One.
The Shining One was most pleased with you.
You were not hungry.

You visited 3 branches of the dungeon, and saw 12 of its levels.

You collected 1148 gold pieces.
You spent 540 gold pieces at shops.

Inventory:

Hand Weapons
 q - a +4 whip of freezing
 s - a +2 flail of protection
 w - the +4 hunting sling "Jorem" {flame, rPois rF+ Int+4 Dex+3}
   (You found it on level 4 of the Dungeon)

   It causes projectiles fired from it to burn those they strike, causing extra
   injury to most foes and up to half again as much damage against particularly
   susceptible opponents.
   It affects your intelligence (+4).
   It affects your dexterity (+3).
   It protects you from fire.
   It protects you from poison.
 C - a +2 mace of holy wrath
 F - a +1 whip of flaming
 I - the +6 long sword "Jiqapt" (weapon) {flame, rN+ MR+ Dex+4}
   (You took it off a kobold on level 7 of the Dungeon)

   It has been specially enchanted to burn those struck by it, causing extra
   injury to most foes and up to half again as much damage against particularly
   susceptible opponents.
   Big, fiery blades are also staple armaments of hydra-hunters.
   It affects your dexterity (+4).
   It protects you from negative energy.
   It affects your resistance to hostile enchantments.
 J - the +5 spear of Kismet {pierce, +Inv rPois rF- Dex+3}
   (You found it on level 7 of the Dungeon)

   It inflicts extra damage upon your enemies.
   It affects your dexterity (+3).
   It makes you vulnerable to fire.
   It protects you from poison.
   It lets you turn invisible.
 K - a +0 morningstar of venom
Missiles
 t - 18 boomerangs (quivered)
 y - 92 sling bullets
Armour
 a - a +0 scale mail of fire resistance
 c - a +0 shield (worn)
 h - a +0 pair of boots (worn)
 p - the +0 scale mail of Insurance {rPois rC- rCorr Dex-2}
   (You bought it in a shop on level 5 of the Dungeon)

   It affects your dexterity (-2).
   It makes you vulnerable to cold.
   It protects you from poison.
   It provides partial protection from all sources of acid and corrosion.
 A - a +0 helmet (worn)
 O - a +0 plate armour (worn)
 R - the +2 leather armour of the Lion {rN+ MR+++ Str+4 Int-4}
   (You found it on level 8 of the Dungeon)

   It affects your strength (+4).
   It affects your intelligence (-4).
   It protects you from negative energy.
   It affects your resistance to hostile enchantments.
 V - the +0 scale mail of Death's Door {rCorr}
   (You bought it in a shop on level 2 of the Orcish Mines)

   It provides partial protection from all sources of acid and corrosion.
Jewellery
 L - an uncursed ring of ice
 M - a +1 ring of protection (left hand)
 S - an uncursed ring of teleportation
Wands
 b - a wand of flame (11)
 H - a wand of clouds (3)
 P - a wand of acid (7)
 U - a wand of paralysis (3)
Scrolls
 d - 8 scrolls of identify
 e - 2 scrolls of blinking {unknown}
 g - a scroll of enchant armour {unknown}
 i - 3 scrolls of teleportation
 j - 2 scrolls of immolation {unknown}
 k - a scroll of magic mapping {unknown}
 l - 2 scrolls of remove curse
 m - a scroll of random uselessness {unknown}
 o - 4 scrolls of amnesia {unknown}
 v - a scroll of enchant weapon {unknown}
 B - 2 scrolls of fog {unknown}
 G - 2 scrolls of fear {unknown}
 T - a scroll of noise {unknown}
Potions
 n - a potion of lignification
 r - a potion of mutation
 u - a potion of heal wounds
 x - 2 potions of curing
 z - 2 potions of might
 D - a potion of degeneration {unknown}
 E - a potion of ambrosia {unknown}
 N - 2 potions of flight
 Q - a potion of resistance {unknown}
Comestibles
 f - 13 rations
 W - 17 chunks of flesh


   Skills:
 + Level 10.1 Fighting
 + Level 5.4 Long Blades
 - Level 6.5 Maces & Flails
 - Level 2.0 Slings
 - Level 10.0 Armour
 - Level 10.0 Shields
 + Level 3.4 Evocations


You had 10 spell levels left.
You didn't know any spells.
Your spell library was empty.

Dungeon Overview and Level Annotations

Branches:
Dungeon (9/15)             Temple (1/1) D:4             Orc (2/2) D:9
    Elf (0/3) Orc:2
   Lair: D:8-11

Altars:
Ashenzari
Cheibriados
Elyvilon
Fedhas
Gozag
Hepliaklqana
Makhleb
Nemelex Xobeh
Okawaru
Sif Muna
Trog
Uskayaw
Vehumet
Wu Jian
Xom
Yredelemnul
The Shining One
Lugonu

Shops:
D:5 [   D:6 (   Orc:2 [


Innate Abilities, Weirdness & Mutations

You are resistant to torment.
Your stone body is resilient. (AC +8)
You are immune to poison.
You resist negative energy. (rN+)
You are resistant to electric shocks. (rElec)
You can survive without breathing.
You are immune to petrification.
You are immune to rotting.


Message History

The orc warlord hits you with a +0 great mace!
You hit the orc warlord. You burn the orc warlord.
The orc warlord is lightly wounded.
The orc warlord hits you with a +0 great mace!!
* * * LOW HITPOINT WARNING * * *
You hit the orc warlord but do no damage.
The orc warlord is lightly wounded.
You block the orc warlord's attack.
Your plate armour prevents you from hitting the orc warlord.
The orc warlord is lightly wounded.
The orc warlord hits you with a +0 great mace.
* * * LOW HITPOINT WARNING * * *
You hit the orc warlord but do no damage.
The orc warlord is lightly wounded.
The orc warlord hits you with a +0 great mace!
* * * LOW HITPOINT WARNING * * *
As you read the scroll of teleportation, it crumbles to dust.
You feel strangely unstable.
The orc warlord hits you with a +0 great mace!
You die...

#################### ###
##.#..##...#.#.#..#.#####.###
#.............o......##.....##
##.........#).)@)....#.......#
#.............[.........#).##
###.....#......)............##
##.###..........[...#.........#
#....<..............##...#.#.##
............#...#..###...#####
#.##.##......#.######.....#
#####...........# ##.....###
##....#..#.#.####....###.##


You could see an orc warlord.

Vanquished Creatures
  Fannar (Orc:1)
  An orc knight (Orc:1)
  Pikel (D:7)
  2 orc sorcerers
  Joseph (D:8)
  Grinder (D:3)
  2 trolls (Orc:1)
  A hippogriff (D:8)
  Sigmund (D:2)
  A wyvern (D:9)
  8 wargs
  Menkaure (D:7)
  A water moccasin (D:9)
  Duvessa (D:7)
  13 orc warriors
  2 sky beasts
  An ice beast (D:5)
  A phantom (D:8)
  6 ogres
  A necrophage (D:8)
  2 centaurs
  3 big kobolds
  4 bullfrogs
  A gnoll sergeant (D:9)
  Dowan (D:7)
  4 scorpions
  A water moccasin skeleton (D:6)
  3 wights (D:9)
  2 howler monkeys
  5 crimson imps
  A bullfrog zombie (D:9)
  2 centaur zombies (D:7)
  3 jellies
  A bullfrog skeleton (D:4)
  5 hounds
  15 orc priests
  15 orc wizards
  Jessica (D:3)
  A centaur skeleton (D:8)
  4 worker ants
  Natasha (thrice) (D:2)
  A hound zombie (D:8)
  4 gnolls (D:9)
  15 adders
  2 shadow imps
  4 worms (D:2)
  3 dart slugs
  54 orcs
  2 bats
  5 giant cockroaches
  7 goblins
  2 hobgoblins
  27 jackals
  7 quokkas
  A ball python skeleton (D:5)
  2 frilled lizards (D:1)
  19 kobolds
  A quokka zombie (D:7)
  7 rats
  A bush (D:5)
288 creatures vanquished.

Vanquished Creatures (others)
  3 slaves (D:7)
  An adder (D:7)
  3 orcs
7 creatures vanquished.

Grand Total: 295 creatures vanquished

Notes
Turn   | Place    | Note
-------+----------+-------------------------------------------
     0 | D:1      | Minkie the Gargoyle Fighter began the quest for the Orb.
     0 | D:1      | Reached XP level 1. HP: 14/14 MP: 1/1
    90 | D:1      | Reached XP level 2. HP: 19/19 MP: 2/2
   495 | D:2      | Noticed Natasha
   512 | D:2      | Killed Natasha
   512 | D:2      | Reached XP level 3. HP: 4/24 MP: 3/3
   804 | D:2      | Reached XP level 4. HP: 18/29 MP: 4/4
  1047 | D:2      | Noticed Sigmund
  1057 | D:2      | Killed Sigmund
  1057 | D:2      | Reached XP level 5. HP: 14/34 MP: 5/5
  1256 | D:2      | Noticed Natasha
  1267 | D:2      | Killed Natasha
  1267 | D:2      | Reached XP level 6. HP: 14/39 MP: 6/6
  1539 | D:2      | Noticed Natasha
  1552 | D:2      | Killed Natasha
  2122 | D:2      | You fall into a shaft and drop 2 floors!
  2189 | D:3      | Noticed Jessica
  2195 | D:3      | Killed Jessica
  2511 | D:3      | Reached skill level 5 in Armour
  2532 | D:3      | Reached skill level 5 in Shields
  2742 | D:3      | Noticed Grinder
  2750 | D:3      | Reached skill level 5 in Fighting
  2758 | D:3      | Paralysed by Grinder for 2 turns
  2778 | D:3      | Paralysed by Grinder for 3 turns
  2799 | D:3      | Paralysed by Grinder for 7 turns
  2811 | D:3      | Paralysed by Grinder for 5 turns
  2876 | D:3      | Paralysed by Grinder for 3 turns
  3014 | D:3      | Reached XP level 7. HP: 26/44 MP: 7/7
  3014 | D:3      | Paralysed by Grinder for 6 turns
  3039 | D:3      | Killed Grinder
  4039 | D:4      | Found a staircase to the Ecumenical Temple.
  4044 | Temple   | Entered the Ecumenical Temple
  4061 | Temple   | Became a worshipper of the Shining One
  4146 | D:4      | Got an iridescent hunting sling
  4147 | D:4      | Identified the +4 hunting sling "Jorem" {flame, rPois rF+
                  | Int+4 Dex+3} (You found it on level 4 of the Dungeon)
  4199 | D:4      | Found a bloodstained altar of Trog.
  4219 | D:4      | Reached XP level 8. HP: 50/51 MP: 8/8
  4417 | D:5      | Entered Level 5 of the Dungeon
  4448 | D:5      | Found a sparkling altar of Nemelex Xobeh.
  4499 | D:5      | Found a white marble altar of Elyvilon.
  4562 | D:5      | Found a burning altar of Makhleb.
  4562 | D:5      | Found an iron altar of Okawaru.
  4654 | D:5      | Found a basalt altar of Yredelemnul.
  4712 | D:5      | Reached skill level 5 in Maces & Flails
  4734 | D:5      | Found Quyqul's Antique Armour Shop.
  4755 | D:5      | Found a bloodstained altar of Trog.
  5029 | D:5      | Found a snail-covered altar of Cheibriados.
  5056 | D:5      | Bought a scorched scale mail for 180 gold pieces
  5066 | D:5      | Identified the cursed +0 scale mail of Insurance {rPois rC-
                  | rCorr Dex-2} (You bought it in a shop on level 5 of the
                  | Dungeon)
  5581 | D:6      | Found a radiant altar of Vehumet.
  6056 | D:6      | Found Benteikk's Weapon Emporium.
  6198 | D:6      | Found an opulent altar of Gozag.
  6202 | D:6      | Reached * piety under the Shining One
  6409 | D:7      | Reached XP level 9. HP: 47/56 MP: 9/9
  6569 | D:7      | Noticed Pikel
  6569 | D:7      | Noticed Duvessa
  6571 | D:7      | Noticed Dowan
  6594 | D:7      | Killed Pikel
  6601 | D:7      | Killed Duvessa
  6603 | D:7      | Killed Dowan
  6793 | D:7      | Identified the +6 long sword "Jiqapt" {flame, rN+ MR+
                  | Dex+4}
  6846 | D:7      | Got a slimy spear
  6887 | D:7      | Noticed Menkaure
  6894 | D:7      | Killed Menkaure
  7030 | D:7      | Reached skill level 1 in Long Blades
  7094 | D:7      | Identified the +5 spear of Kismet {pierce, +Inv rPois rF-
                  | Dex+3} (You found it on level 7 of the Dungeon)
  7355 | D:8      | Reached XP level 10. HP: 19/64 MP: 10/10
  7585 | D:8      | Found a shattered altar of Ashenzari.
  7746 | D:8      | Found a hazy altar of Hepliaklqana.
  7768 | D:8      | Reached ** piety under the Shining One
  7868 | D:8      | Noticed Joseph
  7888 | D:8      | Killed Joseph
  8081 | D:8      | Found a shimmering blue altar of Sif Muna.
  8341 | D:8      | Got a faintly humming leather armour
  8443 | D:9      | Identified the +2 leather armour of the Lion {rN+ MR+++
                  | Str+4 Int-4} (You found it on level 8 of the Dungeon)
  8536 | D:9      | Found a staircase to the Orcish Mines.
  8564 | D:9      | Reached skill level 1 in Slings
  8709 | D:9      | Found an ornate altar of the Wu Jian Council.
  8921 | D:9      | Reached *** piety under the Shining One
  9130 | Orc:1    | Entered Level 1 of the Orcish Mines
  9147 | Orc:1    | Noticed an orc sorcerer
  9157 | Orc:1    | Noticed a rust devil
  9159 | Orc:1    | Noticed a soul eater
  9162 | Orc:1    | Noticed a sixfirhy
  9163 | Orc:1    | HP: 2/66 [soul eater[an orc sorcerer] (3)]
  9164 | Orc:1    | Killed an orc sorcerer
  9164 | Orc:1    | Reached skill level 1 in Evocations
  9559 | Orc:2    | Entered Level 2 of the Orcish Mines
  9561 | Orc:2    | Noticed an orc knight
  9588 | Orc:1    | Killed an orc knight
  9588 | Orc:1    | Reached XP level 11. HP: 61/71 MP: 12/12
  9880 | Orc:2    | Noticed an orc sorcerer
  9888 | Orc:2    | Killed an orc sorcerer
  9973 | Orc:1    | Noticed an orc warlord
 10475 | Orc:1    | Reached skill level 5 in Long Blades
 10482 | Orc:1    | Noticed Fannar
 10510 | Orc:1    | Killed Fannar
 10510 | Orc:1    | Reached skill level 10 in Armour
 10510 | Orc:1    | Reached skill level 10 in Shields
 10756 | Orc:1    | Found a radiant altar of Vehumet.
 10854 | Orc:2    | Found Uronloh's Antique Armour Shop.
 10862 | Orc:2    | Bought a pearl-studded scale mail for 360 gold pieces
 10872 | Orc:2    | Identified the +0 scale mail of Death's Door {rCorr} (You
                  | bought it in a shop on level 2 of the Orcish Mines)
 10890 | Orc:2    | Reached skill level 10 in Fighting
 10908 | Orc:2    | Found a shimmering altar of Xom.
 11029 | Orc:2    | Found a staircase to the Elven Halls.
 11061 | Orc:2    | Noticed an orc warlord
 11118 | Orc:1    | HP: 2/72 [orc warlord/+0 great mace (15)]
 11119 | Orc:1    | Mangled by an orc warlord

Levels and vault maps discovered:
D:1:      roderic_octagonal_star, layout_rooms
D:2:      layout_basic, uniq_sigmund, uniq_natasha
D:3:      layout_basic, uniq_grinder, uniq_jessica
D:4:      layout_rooms, kennysheep_mini_moat,
          minmay_temple_entry_drinking_statues, first_ration
D:5:      layout_loops_ring, nicolae_overflow_hidden_temple,
          yredelemnul_altar_generic, lemuel_round_altar,
          gammafunk_temple_overflow_forgotten, serial_shops,
          nicolae_shop_statue_plus, trog_book
D:6:      layout_loops_cross, kennysheep_little_box,
          nicolae_gozag_cash_rules_everything_around_me, serial_shops, shop,
          minmay_misc_feat_more_columns
D:7:      layout_basic, uniq_duvessa, uniq_menkaure, uniq_pikel
D:8:      layout_layer_cave, lemuel_crystal_altar, lemuel_round_altar,
          cheibrodos_ashenzari_chains, kennysheep_cross_room, uniq_joseph
D:9:      layout_gridville, nicolae_overflow_crystal_walls, david_orc_1_choice,
          grunt_pizzeria
Temple:   kb_corrupted_temple
Orc:1:    layout_caves, basic_altar, uniq_fannar
Orc:2:    st_orc_congregation, layout_caves, basic_altar, serial_shops,
          nicolae_shop_trees

Skill      XL: |  1  2  3  4  5  6  7  8  9 10 11 |
---------------+----------------------------------+-----
Fighting       | 4 5 6 8 9 10 | 10.1
Maces & Flails | 3 4 5 6 |  6.5
Armour         | 4 5 7 8 9 10 | 10.0
Shields        | 4 5 6 8 9 10 | 10.0
Long Blades    | 2 4 5 |  5.4
Slings         | 2 |  2.0
Evocations     | 1 3 |  3.4

Action                   |  1- 3 |  4- 6 |  7- 9 | 10-12 || total
-------------------------+-------+-------+-------+-------++-------
Melee: Flail             |    91 |    99 |   312 |       ||   502
       Whip              |       |    82 |    96 |       ||   178
       Long sword        |       |       |    39 |   359 ||   398
 Fire: Hunting sling     |       |       |       |     6 ||     6
  Use: Potion            |       |     4 |       |       ||     4
       Scroll            |       |       |     3 |     3 ||     6
  Eat: Chunk             |       |     7 |    11 |    11 ||    29
       Ration            |       |       |     1 |     1 ||     2
Armor: Scale mail        |    47 |    59 |   210 |    10 ||   326
       Skin              |       |     6 |       |       ||     6
       Plate armour      |       |       |       |   234 ||   234
Dodge: Dodged            |    33 |    34 |   107 |    94 ||   268
Block: Shield            |    50 |    88 |   180 |   285 ||   603
       Rpst.: Long sword |       |       |     4 |    28 ||    32
